 Dungeon Crawl Stone Soup version 0.31-a0-1178-gc5c9b8f871 (webtiles) character file.

Game seed: 4763772893684701826

424 qw the Shooter (level 6, 0/38 HPs)
             Began as a Gargoyle Hunter on Dec 11, 2023.
             Was an Initiate of Okawaru.
             Slain by a steam dragon (4 damage)
             ... on level 4 of the Dungeon.
             The game lasted 00:01:16 (3246 turns).

qw the Shooter (Gargoyle Hunter)                    Turns: 3246, Time: 00:01:17

Health: 0/38       AC: 10    Str: 14    XL:     6   Next: 96%
Magic:  6/6        EV: 10    Int: 10    God:    Okawaru [......]
Gold:   160        SH:  0    Dex: 15    Spells: 5/5 levels left

rFire   . . .        a - +1 shortbow
rCold   + . .        (shield currently unavailable)
rNeg    + . .        e - +0 ring mail "Gaoc" {rElec rC+}
rPois   inf          (no helmet)
rElec   +            (no cloak)
rCorr   .            (no gloves)
SInv    .            f - +0 pair of boots
Will    .....        (no amulet)
Stlth   +            (no ring)
HPRegen 0.26/turn    (no ring)
MPRegen 0.10/turn

%: no passive effects
@: no status effects
A: sickness immunity, AC +4, negative energy resistance 1, electricity
resistance, torment resistance 1, petrification resistance
a: Renounce Religion


You were on level 4 of the Dungeon.
You worshipped Okawaru.
Okawaru was noncommittal.
You visited 2 branches of the dungeon, and saw 5 of its levels.

You collected 160 gold pieces.


Innate Abilities, Weirdness & Mutations

You are immune to sickness and miasma.
Your stone body is resilient. (AC +4)
You are immune to poison.
You resist negative energy. (rN+)
You are resistant to electric shocks. (rElec)
You are resistant to unholy torment.
You are immune to petrification.


   Skills:
 - Level 4.0 Fighting
 + Level 7.3 Ranged Weapons
 - Level 1.1 Armour
 - Level 1.5 Dodging
 - Level 1.1 Stealth


You had 5 spell levels left.
You didn't know any spells.
Your spell library was empty.

Inventory:

Hand Weapons
 a - a +1 shortbow (weapon)
Armour
 e - the +0 ring mail "Gaoc" (worn) {rElec rC+}
   (You found it on level 3 of the Dungeon)

   rC+:       It protects you from cold.
   rElec:     It insulates you from electricity.
 f - a +0 pair of boots (worn)
Wands
 c - a wand of polymorph (6)
Scrolls
 b - a scroll of blinking {unknown}
Potions
 d - 2 potions of mutation
 i - a potion of might
 n - a potion of resistance

Dungeon Overview and Level Annotations

Branches:
Dungeon (4/15)             Temple (1/1) D:4

Altars:
Ashenzari
Cheibriados
Dithmenos
Elyvilon
Fedhas
Hepliaklqana
Kikubaaqudgha
Makhleb
Okawaru
Qazlal
Ru
Sif Muna
Uskayaw
Yredelemnul
Zin
The Shining One


Message History

You shoot an arrow. The arrow hits the iguana.
The iguana is lightly wounded.
You are engulfed in a cloud of scalding steam.
A giant cockroach comes into view.
The iguana closely misses you.
Enter note:
Enter note:
Enter note:
Enter note:
3238 ||| Stepping ~*~*~tactically~*~*~ (retreating).
3239 ||| Stepping ~*~*~tactically~*~*~ (retreating).
Enter note:
Enter note:
3240 ||| Stepping ~*~*~tactically~*~*~ (retreating).
The giant cockroach closely misses you.
You shoot an arrow. The arrow hits the giant cockroach.
You kill the giant cockroach!
Okawaru accepts your kill.
You shoot an arrow.
The arrow barely misses the steam dragon.
The steam dragon barely misses you.
The steam dragon claws you but does no damage.
You shoot an arrow.
The arrow barely misses the steam dragon.
The steam dragon breathes steam at you. The ball of steam hits you!
You shoot an arrow. The arrow hits the steam dragon.
The steam dragon is lightly wounded.
You are engulfed in a cloud of scalding steam.
The steam dragon bites you but does no damage.
The steam dragon claws you. The steam dragon bites you.
The steam dragon claws you but does no damage.
You shoot an arrow.
The arrow closely misses the steam dragon.
You are engulfed in a cloud of scalding steam.
The steam dragon bites you. The steam dragon claws you.
You shoot an arrow.
The arrow barely misses the steam dragon.
The steam dragon misses you. The steam dragon claws you.
You die...

#.###.###.#..... ##
#.##........### #. ##
#.# #.........##.. .#
##.#######....#..#.##.#
##..######...##.###. .#
##...##......##..#..#(
........#..##..##. #¤#
.>...(.....##.##¤###.#
........##..#..#@#.Dl#
##...##.##...##..D###%.#
###.##..##....)###.#
.#... ##.......#.(....
.# ## ###
##.##.##.#..##.. .. ##.#
..#.#.. #. ... ##.#
.#.... .. .#.. ##.# . ##
..... ##.# .#####


You could see a steam dragon.

Vanquished Creatures
  A water moccasin (D:4)
  A hound (D:3)
  A jelly (D:4)
  Terence (D:3)
  2 orc wizards (D:4)
  A scorpion zombie (D:3)
  A hound zombie (D:3)
  6 adders
  3 worms
  2 dart slugs
  11 orcs
  6 ball pythons
  2 bats
  2 endoplasms (D:1)
  7 giant cockroaches
  6 goblins
  2 hobgoblins (D:4)
  5 jackals (D:2)
  3 kobolds
  3 quokkas
  A ball python zombie (D:3)
  3 frilled lizards
  A quokka zombie (D:3)
  4 rats
75 creatures vanquished.

Vanquished Creatures (others)
  An orc wizard (D:4)
1 creature vanquished.

Grand Total: 76 creatures vanquished

Notes
Turn   | Place    | Note
-------+----------+-------------------------------------------
     0 | D:1      | qw the Gargoyle Hunter began the quest for the Orb.
     0 | D:1      | Reached XP level 1. HP: 12/12 MP: 1/1
     0 | D:1      | 0 ||| qw: Version: 0.3-a-106-g2cfff9e
     0 | D:1      | 0 ||| qw: Game counter: 1991
     0 | D:1      | 0 ||| qw: Melee chars always use a shield: true
     0 | D:1      | 0 ||| qw: God list: Okawaru
     0 | D:1      | 0 ||| qw: Allow faded altars: false
     0 | D:1      | 0 ||| qw: Do Orc after clearing Dungeon:15 true
     0 | D:1      | 0 ||| qw: Do second Lair branch before Depths: true
     0 | D:1      | 0 ||| qw: Lair rune preference: random
     0 | D:1      | 0 ||| qw: Goals: Normal, Save, Zot:1-4, Win
     0 | D:1      | 0 ||| PLANNING D:1-11
   287 | D:1      | Reached XP level 2. HP: 17/17 MP: 2/2
   701 | D:1      | 701 ||| UPGRADING to +0 pair of boots.
   706 | D:1      | 706 ||| UPGRADING to +0 ring mail.
   716 | D:1      | 716 ||| DROPPING +0 leather armour.
   717 | D:1      | 717 ||| READING scroll labelled QIRPHE HA DYAGG.
   718 | D:1      | 718 ||| READING scroll labelled LAHYBA ANKIXONE.
   719 | D:1      | 719 ||| READING 2 scrolls labelled MOOZEH UKLI.
   719 | D:1      | 719 ||| IDENTIFYING sedimented black potion
   720 | D:1      | 720 ||| READING scroll of identify.
   720 | D:1      | 720 ||| IDENTIFYING orange potion
   721 | D:1      | 721 ||| READING scroll labelled RYCUIC QEAQIFE.
   721 | D:1      | 721 ||| ENCHANTING +0 shortbow.
   722 | D:1      | 722 ||| READING scroll labelled WOUSYG MASE.
   723 | D:1      | 723 ||| DROPPING scroll of butterflies.
   724 | D:1      | 724 ||| DROPPING potion of magic.
   781 | D:2      | Reached skill level 1 in Armour
   784 | D:2      | Reached XP level 3. HP: 7/21 MP: 3/3
   976 | D:2      | Reached skill level 5 in Ranged Weapons
  1344 | D:2      | 1344 ||| DROPPING ring of flight.
  1345 | D:2      | 1345 ||| READING 2 scrolls of identify.
  1345 | D:2      | 1345 ||| IDENTIFYING red potion
  1346 | D:2      | 1346 ||| READING scroll of identify.
  1346 | D:2      | 1346 ||| IDENTIFYING pink potion
  1347 | D:2      | 1347 ||| READING scroll labelled RERHIV TYDIE.
  1348 | D:2      | 1348 ||| READING scroll labelled XEUMUHIDAF.
  1351 | D:2      | 1351 ||| READING scroll labelled DEBRUJEHOA.
  1452 | D:2      | 1452 ||| DRINKING 2 glowing red potions.
  1453 | D:2      | 1453 ||| DROPPING potion of attraction.
  1491 | D:3      | Noticed Terence
  1499 | D:3      | Reached skill level 3 in Fighting
  1499 | D:3      | Reached XP level 4. HP: 26/28 MP: 4/4
  1507 | D:3      | HP: 5/28 [Terence/+0 flail (4)]
  1508 | D:3      | 1508 ||| DRINKING amethyst potion.
  1509 | D:3      | 1509 ||| DRINKING fizzy puce potion.
  1510 | D:3      | Killed Terence
  1547 | D:3      | 1547 ||| FLEEEEING.
  1550 | D:3      | 1550 ||| STAIRDANCE
  1676 | D:3      | Reached XP level 5. HP: 31/32 MP: 5/5
  1756 | D:3      | Identified the +0 ring mail "Gaoc" {rElec rC+}
  1938 | D:3      | Found a basalt altar of Yredelemnul.
  1971 | D:3      | Reached skill level 6 in Ranged Weapons
  2350 | D:3      | 2350 ||| UPGRADING to +0 ring mail "Gaoc" {rElec rC+}.
  2360 | D:3      | 2360 ||| DROPPING +0 ring mail.
  2559 | D:4      | Found a sacrificial altar of Ru.
  2684 | D:4      | Found a hazy altar of Hepliaklqana.
  2728 | D:4      | 2728 ||| DRINKING smoky sapphire potion.
  2729 | D:4      | 2729 ||| DRINKING lumpy blue potion.
  2767 | D:4      | Reached XP level 6. HP: 22/38 MP: 6/6
  2842 | D:4      | Found a staircase to the Ecumenical Temple.
  2843 | D:4      | 2843 ||| PLANNING TEMPLE
  2843 | D:4      | 2843 ||| READING scroll labelled ONAIXT ONNUULIA.
  2955 | Temple   | Found a transporter.
  2955 | Temple   | Found a transporter.
  2955 | Temple   | Found a transporter.
  2955 | Temple   | Found a transporter.
  2955 | Temple   | Entered the Ecumenical Temple
  2956 | Temple   | 2956 ||| PLANNING D:1-11
  2976 | Temple   | 2976 ||| PLANNING OKAWARU WORSHIP
  2980 | Temple   | Became a worshipper of Warmaster Okawaru
  2981 | Temple   | 2981 ||| PLANNING D:1-11
  3166 | D:4      | Noticed a water moccasin
  3177 | D:4      | Killed a water moccasin
  3178 | D:4      | Reached skill level 7 in Ranged Weapons
  3235 | D:4      | Noticed a steam dragon
  3236 | D:4      | 3236 ||| Stepping ~*~*~tactically~*~*~ (retreating).
  3238 | D:4      | 3238 ||| Stepping ~*~*~tactically~*~*~ (retreating).
  3239 | D:4      | 3239 ||| Stepping ~*~*~tactically~*~*~ (retreating).
  3240 | D:4      | 3240 ||| Stepping ~*~*~tactically~*~*~ (retreating).
  3244 | D:4      | HP: 8/38 [steam dragon (2)]
  3246 | D:4      | Slain by a steam dragon

Levels and vault maps discovered:
D:1:      ncdulo_wetmaze, layout_loops_ring
D:2:      layout_loops_ring, dk_vineyard_1, st_stairs_2
D:3:      layout_loops_ring, nicolae_yredelemnul_corpse_copse, uniq_terence
D:4:      layout_loops_ring, nicolae_hepliaklqana_hippocampus, vehumet_statue,
          nicolae_ru_sacrificial_ziggurat, minmay_temple_entry_tees,
          minmay_pentomino_pile
Temple:   hellmonk_temple_divided_pantheon

Skill      XL: |  1  2  3  4  5  6 |
---------------+-------------------+-----
Armour         | 1 |  1.1
Ranged Weapons | 5 6 7 |  7.3
Fighting       | 3 4 |  4.0
Dodging        | |  1.5
Stealth        | |  1.1

Action                     |  1- 3 |  4- 6 || total
---------------------------+-------+-------++-------
   Fire: Shortbow          |    91 |   179 ||   270
    Use: Scroll            |    11 |     1 ||    12
         Potion            |     1 |     4 ||     5
 Armour: Ring mail         |    32 |   165 ||   197
         Leather armour    |     3 |       ||     3
         Skin              |       |     1 ||     1
  Dodge: Dodged            |    31 |    91 ||   122

Table legend:
 A = Non-vault XP
 B = Vault XP
 C = Vault XP percentage of total XP
 D = Non-vault monster count
 E = Vault monster count
 F = Vault count percentage of total count
                 A         B        C        D         E       F
            +---------+---------+-------+---------+---------+-------
      Total |     452 |     155 |  25.5 |      64 |      11 |  14.7
            +---------+---------+-------+---------+---------+-------
        D:1 |      21 |       0 |   0.0 |      11 |       0 |   0.0
        D:2 |      38 |       4 |   9.5 |      20 |       2 |   9.1
        D:3 |     107 |      91 |  46.0 |      15 |       5 |  25.0
        D:4 |     286 |      60 |  17.3 |      18 |       4 |  18.2
            +---------+---------+-------+---------+---------+-------
